AoeStats
← Euro050

Arabian Desert

510393406Analyzed
1v1 RM · 17h ago on Sep 30, 2026· 39m 54s· 2 players
Game mode
Random Map
Map size
Tiny (2 player)
Population
200
Speed
Normal
Resources
Standard
Victory
Conquest
Starting age
Dark Age
Ending age
Imperial Age
RankedLock teamsTeams togetherTeam positionsShared explorationLock speedFull tech treeHidden civsTurbo modeCheats
Victory
Defeat
🇵🇪 Burgundians · Peru
1522
+18
🇳🇱 Wu · Netherlands
1571
-18
Maech_
6:40 Loom
9:01 Feudal Age
8:21 Double-Bit Axe
16:27 Padded Archer Armor
22:55 Castle Age
23:09 Fletching
23:56 Bodkin Arrow
23:23 Elite Skirmisher
24:04 Stone Mining
26:23 Bow Saw
27:13 Light Cavalry
33:04 Scale Barding Armor
37:12 Chain Barding Armor
42:46 Imperial Age
Euro050
6:11 Loom
9:11 Feudal Age
9:28 Man-at-Arms
11:17 Arson
14:17 Fletching
21:22 Castle Age
20:36 Horse Collar
21:29 Crossbowman
22:05 Bodkin Arrow
22:04 Double-Bit Axe
26:15 Town Watch
28:25 Wheelbarrow
32:46 Bow Saw
37:58 Imperial Age
39:43 Bracer
Connection lost

Rejoining the realm…

Still unreachable

The connection could not be restored.

Session expired

The server has moved on; the page needs a fresh start.